 Dungeon Crawl Stone Soup version 0.31-a0-702-gf82c85558f (webtiles) character file.

Game seed: 13593953241803599397

59 qw the Shooter (level 4, -9/28 HPs)
             Began as a Gargoyle Hunter on Sept 7, 2023.
             Killed by divine providence
             ... invoked by an orc priest
              (14 damage)
             ... on level 3 of the Dungeon.
             The game lasted 00:00:33 (1532 turns).

qw the Shooter (Gargoyle Hunter)                    Turns: 1532, Time: 00:00:34

Health: -9/28      AC: 13    Str: 15    XL:     4   Next: 3%
Magic:  0/4        EV: 11    Int:  9    God:
Gold:   98         SH:  0    Dex: 15    Spells: 3/3 levels left

rFire   . . .        Y - +0 shortbow
rCold   . . .        (shield currently unavailable)
rNeg    + . .        c - +0 leather armour
rPois   inf          i - +2 helmet
rElec   +            (no cloak)
rCorr   .            (no gloves)
SInv    .            (no boots)
Will    +....        a - amulet of guardian spirit
Stlth   ++           d - +4 ring of protection
HPRegen 0.24/turn    b - ring of willpower
MPRegen 0.09/turn

%: guardian spirit
@: no status effects
A: sickness immunity, AC +3, negative energy resistance 1, electricity
resistance, torment resistance 1, petrification resistance
a: no special abilities


You were on level 3 of the Dungeon.
You visited 1 branch of the dungeon, and saw 3 of its levels.

You collected 98 gold pieces.


Innate Abilities, Weirdness & Mutations

You are immune to sickness and miasma.
Your stone body is resilient. (AC +3)
You are immune to poison.
You resist negative energy. (rN+)
You are resistant to electric shocks. (rElec)
You are resistant to unholy torment.
You are immune to petrification.


   Skills:
 - Level 3.0 Fighting
 + Level 5.1 Ranged Weapons
 - Level 1.5 Dodging
 - Level 1.1 Stealth


You had 3 spell levels left.
You didn't know any spells.
Your spell library was empty.

Inventory:

Hand Weapons
 Y - a +0 shortbow (weapon)
Armour
 c - a +0 leather armour (worn)
 i - a +2 helmet (worn)
 l - a +0 ring mail
Jewellery
 a - an amulet of guardian spirit (around neck)
 b - a ring of willpower (right hand)
 d - a +4 ring of protection (left hand)
Scrolls
 j - a scroll of noise {unknown}
Potions
 e - a potion of heal wounds {unknown}
 f - a potion of haste {unknown}
 g - 2 potions of curing {unknown}
 h - a potion of attraction {unknown}
 k - a potion of mutation {unknown}

Dungeon Overview and Level Annotations

Branches:
Dungeon (3/15)

Altars:
Ashenzari
Wu Jian


Message History

An orc priest comes into view. It is wielding a +0 dagger.
You shoot an arrow. The arrow closely misses the orc.
The arrow completely misses the orc.
The orc priest shouts!
An orc comes into view.
It is wielding a +0 vampiric short sword.
An orc priest comes into view. It is wielding a +0 antimagic hand axe.
A hobgoblin comes into view.
The orc moves out of view.
You shoot an arrow. The arrow hits the orc.
The orc is heavily wounded.
You shoot an arrow. The arrow barely misses the orc.
The orc hits you but does no damage.
The orc priest calls down the wrath of Beogh upon you.
Beogh smites you!
Enter note:
1529 |||
Found retreat position at 0,1 (orc; floor) with 0 blocking monsters and 2 monsters attacking at destination at distance 1
Enter note: You shoot an arrow.
The arrow hits the orc!
You kill the orc!
The orc priest casts a cantrip, but nothing happens.
1530 |||
Found retreat position at 0,1 (floor) with 0 blocking monsters and 1 monsters attacking at destination at distance 1 x2
1530 ||| RETREATING.
The orc priest invokes the aid of Beogh against you.
Beogh smites you!
Ouch! That really hurt!
The orc closely misses you.
You see here a +0 short sword.
Enter note:
Enter note: You shoot an arrow.
The orc shouts!
The arrow hits the orc.
The orc is heavily wounded.
You shoot an arrow. The arrow closely misses the orc.
The arrow hits the orc priest.
The orc priest is moderately wounded.
The orc priest invokes the aid of Beogh against you.
Beogh smites you!
Ouch! That really hurt!
You die...

######.######
####.......
#...........# #.....##
#.....).....############
#.................#
#.................#
#..<..............#
#..........##...####
#.........##.._..#
#........@##.....#
.......#o####### ##.....
o.. #.#... .g.o. # #...
...o... .... ###....
##... .... ##.. ...


You could see 2 orc priests, 2 orcs and a hobgoblin.

Vanquished Creatures
  An adder (D:2)
  A worm (D:2)
  A dart slug (D:1)
  4 orcs
  4 endoplasms
  5 goblins
  A hobgoblin (D:1)
  2 kobolds (D:1)
  4 quokkas
  5 ball pythons
  7 bats
  2 frilled lizards
  3 rats
40 creatures vanquished.

Notes
Turn   | Place    | Note
-------+----------+-------------------------------------------
     0 | D:1      | qw the Gargoyle Hunter began the quest for the Orb.
     0 | D:1      | Reached XP level 1. HP: 12/12 MP: 1/1
     0 | D:1      | 0 ||| qw: Version: 0.3-a-76-g4403597
     0 | D:1      | 0 ||| qw: Game counter: 784
     0 | D:1      | 0 ||| qw: Melee chars always use a shield: true
     0 | D:1      | 0 ||| qw: God list: Okawaru
     0 | D:1      | 0 ||| qw: Allow faded altars: false
     0 | D:1      | 0 ||| qw: Do Orc after clearing Dungeon:15 true
     0 | D:1      | 0 ||| qw: Do second Lair branch before Depths: true
     0 | D:1      | 0 ||| qw: Lair rune preference: random
     0 | D:1      | 0 ||| qw: Goals: Normal
     0 | D:1      | 0 ||| PLANNING D:1-11
   198 | D:1      | Reached XP level 2. HP: 17/17 MP: 2/2
   479 | D:1      | Reached XP level 3. HP: 21/21 MP: 3/3
   498 | D:1      | Reached skill level 5 in Ranged Weapons
   713 | D:1      | 713 ||| UPGRADING to +2 helmet.
   718 | D:1      | 718 ||| UPGRADING to +4 ring of protection.
   719 | D:1      | 719 ||| READING scroll labelled FOYNOA SIURHE.
   724 | D:1      | 724 ||| DROPPING scroll of butterflies.
  1004 | D:2      | Reached skill level 3 in Fighting
  1144 | D:2      | Found a broken altar of Ashenzari.
  1331 | D:2      | 1331 ||| UPGRADING to amulet of guardian spirit.
  1336 | D:2      | 1336 ||| UPGRADING to ring of willpower.
  1348 | D:3      | 1348 ||| PLANNING SEWER
  1358 | D:3      | HP: 4/23 [frozen (5)]
  1365 | D:3      | 1365 ||| STAIRDANCE
  1474 | D:3      | Reached XP level 4. HP: 28/28 MP: 4/4
  1512 | D:3      | Found an ornate altar of the Wu Jian Council.
  1530 | D:3      | 1530 ||| RETREATING.
  1530 | D:3      | HP: 5/28 [orc priest/divine providence (14)]
  1532 | D:3      | Killed from afar by an orc priest

Levels and vault maps discovered:
D:1:      dpeg_arrival_houses_and_road, layout_basic, minmay_bisected
D:2:      layout_loops_ring, basic_altar, hangedman_decor_lopped
D:3:      layout_basic, mainiacjoe_overflow_alcove_1, gup_sewer_entry_glass

Skill      XL: |  1  2  3 |
---------------+----------+-----
Ranged Weapons | 5 |  5.1
Fighting       | 3 |  3.0
Dodging        | |  1.5
Stealth        | |  1.1

Action                     |  1- 3 |  4- 6 || total
---------------------------+-------+-------++-------
   Fire: Shortbow          |   131 |     6 ||   137
    Use: Scroll            |     1 |       ||     1
 Armour: Leather armour    |    34 |     1 ||    35
  Dodge: Dodged            |    35 |     1 ||    36

Table legend:
 A = Non-vault XP
 B = Vault XP
 C = Vault XP percentage of total XP
 D = Non-vault monster count
 E = Vault monster count
 F = Vault count percentage of total count
                 A         B        C        D         E       F
            +---------+---------+-------+---------+---------+-------
      Total |      81 |       4 |   4.7 |      37 |       3 |   7.5
            +---------+---------+-------+---------+---------+-------
        D:1 |      35 |       4 |  10.3 |      20 |       3 |  13.0
        D:2 |      38 |       0 |   0.0 |      13 |       0 |   0.0
        D:3 |       8 |       0 |   0.0 |       4 |       0 |   0.0
            +---------+---------+-------+---------+---------+-------
